 Dungeon Sprint DCSS version 0.16-a0-3807-g3748f16 (webtiles) character file.

871 BluebellGnoll the Frost Mage (level 8, 46/46 HPs)
             Began as an Octopode Ice Elementalist on Jan 27, 2015.
             Was a Follower of Vehumet.
             Quit the game in the Dungeon (Sprint V: "Ziggurat Sprint").
             The game lasted 00:04:49 (348 turns).

BluebellGnoll the Frost Mage (OpIE)                  Turns: 348, Time: 00:04:50

Health: 46/46      AC: 10    Str: 20    XL:     8   Next: 3%
Magic:  14/25      EV:  9    Int: 31    God:    Vehumet [*.....]
Gold:   0          SH: 30    Dex: 24    Spells: 5 memorised, 11 levels left

rFire  . . .     SeeInvis .     u - +6 shillelagh "Devastator" {shatter}
rCold  . . .     Clarity  .     t - +18 shield of the gong {rElec rN+ MR+ EV-5}
rNeg   + . .     SustAb   .     (helmet restricted)
rPois  .         Gourm    .     (no amulet)
rElec  +         Spirit   .     n - +6 ring of dexterity
rCorr  .         Warding  .     o - +6 ring of dexterity
rMut   .         NoTele   +     p - +6 ring of intelligence
MR     +....                    q - +6 ring of intelligence
Stlth  ++++......               r - +6 ring of strength
                                s - +6 ring of strength
                                (no ring)
                                (no ring)

@: icy armour, very slightly contaminated, somewhat resistant to hostile
enchantments, stealthy
A: almost no armour, amphibious, 8 rings, constrict 8, camouflage 1, gelatinous
body 1
a: Renounce Religion


You were in the Dungeon.
You worshipped Vehumet.
Vehumet was aware of your devotion.
You were not hungry.

You visited 1 branch

Inventory:

Hand weapons
 u - the +6 shillelagh "Devastator" (weapon) {shatter}
   (You found it in the Dungeon)
 I - a +5 broad axe
Armour
 t - the +18 shield of the gong (worn) {rElec rN+ MR+ EV-5}
   (You found it in the Dungeon)

   It affects your evasion (-5).
   It insulates you from electricity.
   It protects you from negative energy.
   It affects your resistance to hostile enchantments.
Magical staves
 m - an uncursed staff of energy
Jewellery
 n - a +6 ring of dexterity (left tentacle)
 o - a +6 ring of dexterity (right tentacle)
 p - a +6 ring of intelligence (on tentacle)
 q - a +6 ring of intelligence (on tentacle)
 r - a +6 ring of strength (on tentacle)
 s - a +6 ring of strength (on tentacle)
Magical devices
 a - a wand of disintegration (7)
 j - a wand of fire (0)
 k - a wand of cold (5)
 l - a wand of draining (4)
Scrolls
 i - 4 scrolls of blinking
 x - 3 scrolls of amnesia
 y - 3 scrolls of recharging
 z - 7 scrolls of fog
 A - a scroll of holy word
 B - 5 scrolls of identify
 C - 5 scrolls of remove curse
 D - 2 scrolls of fear
Potions
 d - 10 potions of curing
 e - 10 potions of heal wounds
 f - 6 potions of haste
 g - 7 potions of magic
 h - 3 potions of berserk rage
 E - 2 potions of brilliance
 F - 2 potions of invisibility
 G - 2 potions of restore abilities
 H - 4 potions of resistance
 J - 5 potions of agility
 K - 5 potions of might
Books
 b - a book of the Sky

   Spells                             Type                      Level
   a - Flight                         Charms/Air                   3
   b - Airstrike                      Air                          4
   c - Silence                        Hexes/Air                    5
   d - Deflect Missiles               Charms/Air                   6
   e - Conjure Ball Lightning         Conjuration/Air              6
   f - Tornado                        Air                          9
Miscellaneous
 L - a plain deck of defence
Comestibles
 c - 5 bread rations
 v - 42 fruits
 w - 4 meat rations


   Skills:
 - Level 4.0 Dodging
 - Level 2.6 Stealth
 - Level 7.3 Shields
 + Level 9.2 Spellcasting
 * Level 1.0 Conjurations
 - Level 11.8 Ice Magic


You had 11 spell levels left.
You knew the following spells:

 Your Spells              Type           Power        Failure   Level  Hunger
a - Freeze                Ice            ####         1%          1    None
b - Throw Frost           Conj/Ice       ######       1%          2    None
c - Ozocubu's Armour      Chrm/Ice       ######..     2%          3    None
e - Throw Icicle          Conj/Ice       ######..     10%         4    None
f - Summon Ice Beast      Ice/Summ       ######..     10%         4    None


Dungeon Overview and Level Annotations

Branches:
Dungeon (1/1)

Altars:
Ashenzari
Cheibriados
Dithmenos
Elyvilon
Fedhas
Gozag
Kikubaaqudgha
Makhleb
Nemelex Xobeh
Okawaru
Qazlal
Ru
Sif Muna
Trog
Vehumet
Xom
Yredelemnul
Zin
The Shining One
Beogh
Jiyva
Lugonu


Innate Abilities, Weirdness & Mutations

You cannot wear most types of armour.
You are amphibious.
You can wear up to eight rings at the same time.
You can use your tentacles to constrict many enemies at once.
Your skin changes colour to match your surroundings (Stealth).
Your rubbery body absorbs attacks (AC +1).


Message History

The draconian wields a +2 lajatang of electrocution.
You hear the crackle of electricity.
The draconian unwields an uncursed dagger.
The draconian drops an uncursed dagger.
The draconian picks up a +4 short sword of speed.
The draconian wields a +4 short sword of speed.
Found four items.
Casting: Ozocubu's Armour
Confirm with . or Enter, or press ? or * to list all spells.
You miscast Summon Ice Beast.
You are very lightly contaminated with residual magic.
Your brain hurts!
Casting: Summon Ice Beast
Confirm with . or Enter, or press ? or * to list all spells.
You miscast Summon Ice Beast.
A fistful of eyes flickers past your view.
Casting: Summon Ice Beast
Confirm with . or Enter, or press ? or * to list all spells.
Okay, then.
Are you sure you want to abandon this character and quit the game? (Confirm with "yes".)

▓▓▓▓▓▓▓▓▓▓▓▓▓▓▓▓▓▓▓
▓.8©8.▓.8©8.▓.8©8.▓
▓.))=.▓...).▓.....▓
▓..}..▓..:..▓.=.[.▓
▓.dd..▓.....▓.....▓
▓..dd.▓.....▓.....▓
▓.....▓.....▓.....▓
▓..@..▓.....▓▓▓▓▓▓▓
▓▓▓▓▓▓▓▓▓▓▓▓▓


You could see a yellow draconian and 3 draconians.

Vanquished Creatures
  A mummy priest (D)
  An ice beast (D)
  A white imp (D)
  An adder zombie (D)
  An adder simulacrum (D)
5 creatures vanquished.

Notes
Turn   | Place    | Note
--------------------------------------------------------------
     0 | D        | BluebellGnoll, the Octopode Ice Elementalist, began the quest for the Orb.
     0 | D        | Reached XP level 1. HP: 11/11 MP: 3/3
     0 | D        | Found a viscous altar of Jiyva.
     0 | D        | Found a corrupted altar of Lugonu.
     0 | D        | Found a white marble altar of Elyvilon.
     2 | D        | Found a sparkling altar of Nemelex Xobeh.
     2 | D        | Found a burning altar of Makhleb.
     3 | D        | Found a deep blue altar of Sif Muna.
     3 | D        | Found a bloodstained altar of Trog.
     7 | D        | Found an iron altar of Okawaru.
    18 | D        | Found a radiant altar of Vehumet.
    30 | D        | Found a basalt altar of Yredelemnul.
    31 | D        | Found a shimmering altar of Xom.
    39 | D        | Reached skill level 7 in Shields
    39 | D        | Reached XP level 2. HP: 17/17 MP: 4/4
    49 | D        | Became a worshipper of Vehumet
    58 | D        | Learned a level 2 spell: Throw Frost
    58 | D        | Entered arena 1.
    58 | D        | Noticed a mummy priest
    63 | D        | Noticed a shadow
    63 | D        | Killed a mummy priest
    63 | D        | Acquired Vehumet's first power
    63 | D        | Offered knowledge of Shock by Vehumet.
    63 | D        | Reached skill level 9 in Spellcasting
    63 | D        | Reached skill level 11 in Ice Magic
    63 | D        | Reached XP level 3. HP: 21/21 MP: 4/17
    63 | D        | Reached XP level 4. HP: 27/27 MP: 4/19
    63 | D        | Reached XP level 5. HP: 31/31 MP: 4/21
    63 | D        | Reached XP level 6. HP: 36/36 MP: 4/22
    63 | D        | Reached XP level 7. HP: 41/41 MP: 4/24
    75 | D        | Learned a level 4 spell: Condensation Shield
    79 | D        | Learned a level 3 spell: Ozocubu's Armour
    84 | D        | Learned a level 4 spell: Throw Icicle
    89 | D        | Learned a level 4 spell: Summon Ice Beast
   270 | D        | Entered arena 2.
   270 | D        | Noticed an ice beast
   272 | D        | Killed an ice beast
   272 | D        | Reached XP level 8. HP: 46/46 MP: 21/25
   276 | D        | Offered knowledge of Flame Tongue by Vehumet.
   345 | D        | Entered arena 3.
   345 | D        | Noticed a draconian
   345 | D        | Noticed a draconian
   345 | D        | Noticed a draconian
   345 | D        | Noticed a yellow draconian
   348 | D        | Quit the game

Action                   |  1- 3 |  4- 6 |  7- 9 || total
-------------------------+-------+-------+-------++-------
Melee: Shillelagh        |     2 |       |     1 ||     3
 Cast: Ozocubu's Armour  |       |       |     2 ||     2
Evoke: Wand              |     3 |       |     3 ||     6
  Use: Potion            |     1 |       |       ||     1
       Scroll            |       |       |     1 ||     1
